 Dungeon Crawl Stone Soup version 0.22-a0-348-gd16d139 (webtiles) character file.

597983 4thArraOfDagon the Metallomancer (level 25, 0/153 HPs)
             Began as a Felid Wanderer on Apr 7, 2018.
             Was a High Priest of Cheibriados.
             Incinerated by a balrug (6 damage)
             ... with a sticky flame
             ... in Pandemonium.
             The game lasted 03:13:49 (27214 turns).

4thArraOfDagon the Metallomancer (Felid Wanderer)  Turns: 27214, Time: 03:13:50

Health: 0/153      AC: 29    Str: 27    XL:     25   Next: 25%
Magic:  21/53      EV: 39    Int: 31    God:    Cheibriados [*****.]
Gold:   4008       SH:  0    Dex: 29    Spells: 9/56 levels left
                                        Lives:  0   Deaths: 6

rFire    . . .     SeeInvis +     - Unarmed
rCold    + . .     Gourm    .   (shield unavailable)
rNeg     + + .     Faith    .   (armour unavailable)
rPois    ∞         Spirit   .   (helmet unavailable)
rElec    +         Reflect  .   (cloak unavailable)
rCorr    .         Harm     .   (gloves unavailable)
MR       +++..                  (boots unavailable)
Stlth    +++.......             f - amulet of regeneration
HPRegen  1.75/turn              X - ring of One Cuwn {Wiz rC+ rN+ Dex-3 SInv}
MPRegen  0.33/turn              K - ring "Dedwenna" {+Fly rPois rF+ MP+9 Str+3}

@: liquid flames, statue-form, fire vulnerable, very slightly contaminated,
regenerating, glowing, very slow
A: very small, no armour, no weapons or thrown items, stealth, claws 1, fangs 3,
see invisible, carnivore, clumsy 1, dopey 1, slow metabolism 1, subdued magic 1,
sharp paws
}: 5/15 runes: decaying, slimy, silver, golden, gossamer
a: End Transformation, Bend Time, Temporal Distortion, Slouch, Step From Time,
Renounce Religion, Evoke Flight


You were in Pandemonium.
You worshipped Cheibriados.
Cheibriados was extremely pleased with you.
You were very full.
You were a stone statue.
You visited 12 branches of the dungeon, and saw 56 of its levels.
You visited Pandemonium 2 times, and saw 5 of its levels.
You visited the Abyss 1 time.
You visited 1 ziggurat, and saw 15 of its levels.
You also visited: Ice Cave and Wizlab.

You collected 4188 gold pieces.
You spent 180 gold pieces at shops.

Inventory:

Jewellery
 a - an uncursed ring of protection from fire
 f - an amulet of regeneration (around neck)
 K - the ring "Dedwenna" (right paw) {+Fly rPois rF+ MP+9 Str+3}
   (You found it on level 1 of the Elven Halls)

   [ring of magical power]

   It affects your strength (+3).
   It protects you from fire.
   It protects you from poison.
   It affects your magic capacity (+9).
   It lets you fly.
 Q - the ring "Lapytic" {rC+ rN+}
   (You took it off a deep elf demonologist on level 3 of the Elven Halls)

   [ring of protection from cold]

   It protects you from cold.
   It protects you from negative energy.
 X - the ring of One Cuwn (left paw) {Wiz rC+ rN+ Dex-3 SInv}
   (You found it on level 8 of a ziggurat)

   [ring of wizardry]

   It improves your spell success rate.
   It affects your dexterity (-3).
   It protects you from cold.
   It protects you from negative energy.
   It lets you see invisible.
 Y - the ring of Rotribb {rN+ MR+ MP+9}
   (You took it off a necromancer on level 3 of the Crypt)

   [ring of positive energy]

   It protects you from negative energy.
   It affects your resistance to hostile enchantments.
   It affects your magic capacity (+9).
 Z - the ring "Jegymn" {rC++ rN+}
   (You took it off a necromancer on level 3 of the Crypt)

   [ring of positive energy]

   It greatly protects you from cold.
   It protects you from negative energy.
Wands
 m - a wand of paralysis (5)
 t - a wand of polymorph (2)
 w - a wand of flame (37)
 C - a wand of disintegration (4)
 D - a wand of digging (37)
 F - a wand of iceblast (24)
 J - a wand of scattershot (24)
 M - a wand of clouds (5)
Scrolls
 b - 2 scrolls of torment
 d - 5 scrolls of blinking
 e - 11 scrolls of magic mapping
 g - 12 scrolls of fear
 h - 5 scrolls of amnesia
 j - 21 scrolls of remove curse
 k - 9 scrolls of identify
 o - 16 scrolls of teleportation
 r - 6 scrolls of holy word
 y - 2 scrolls of noise
 B - 3 scrolls of silence
 E - 8 scrolls of immolation
 O - 16 scrolls of fog
 P - 2 scrolls of summoning
 T - a scroll of vulnerability
Potions
 l - 11 potions of curing
 p - 8 potions of magic
 s - 2 potions of heal wounds
 u - 3 potions of berserk rage
 v - 7 potions of flight
 x - 2 potions of resistance
 z - 7 potions of ambrosia
 G - 2 potions of cancellation
 H - 7 potions of might
 L - 4 potions of brilliance
 N - 7 potions of mutation
 V - 2 potions of invisibility
 W - 3 potions of agility
Miscellaneous
 i - a figurine of a ziggurat
 n - a lamp of fire
 q - a phial of floods
 A - 2 boxes of beasts
 I - a lightning rod (4/4)
 R - 4 phantom mirrors
 S - 6 sacks of spiders
Comestibles
 c - 66 rations


   Skills:
 - Level 16.0 Fighting
 - Level 19.0 Dodging
 - Level 17.0 Stealth
 - Level 22.0 Unarmed Combat
 - Level 16.0 Spellcasting
 - Level 5.0 Charms
 - Level 7.0 Summonings
 - Level 10.0 Necromancy
 * Level 19.0 Translocations
 - Level 11.9 Transmutations
 - Level 22.2 Earth Magic
 - Level 15.4 Invocations
 - Level 6.0 Evocations


You had 9 spell levels left.
You knew the following spells:

 Your Spells              Type           Power        Failure   Level  Hunger
a - Lee's Rapid Deconstr  Erth           #######...   0%          5    None
b - Statue Form           Tmut/Erth      #######..    1%          6    ##.....
c - Shatter               Erth           #######...   5%          9    #######
d - Blink                 Tloc           N/A          0%          2    None
e - Passwall              Tmut/Erth      #######...   0%          2    None
f - Passage of Golubria   Tloc           N/A          0%          4    None
g - Sublimation of Blood  Necr           ######....   0%          2    None
h - Regeneration          Chrm/Necr      ######....   1%          3    None
i - Apportation           Tloc           ######       0%          1    None
j - Aura of Abjuration    Summ           ######....   1%          5    None
k - Controlled Blink      Tloc           N/A          1%          8    ######.


Dungeon Overview and Level Annotations

Branches:
Dungeon (15/15)            Temple (1/1) D:6            Lair (6/6) D:10
  Swamp (4/4) Lair:4       Spider (4/4) Lair:4        Slime (5/5) Lair:6
    Orc (2/2) D:9             Elf (3/3) Orc:2        Vaults (5/5) D:14
  Crypt (3/3) Vaults:2       Tomb (3/3) Crypt:3      Depths (5/5) D:15
    Zot: Depths:5

Altars:
Ashenzari
Cheibriados
Dithmenos
Elyvilon
Fedhas
Gozag
Hepliaklqana
Kikubaaqudgha
Makhleb
Nemelex Xobeh
Okawaru
Qazlal
Ru
Sif Muna
Trog
Uskayaw
Vehumet
Wu Jian
Xom
Yredelemnul
Zin
The Shining One
Beogh
Jiyva
Lugonu

Shops:
D:6 %   D:11 %   Orc:2 :[*[   Depths:2 *=

Portals:
Hell: Depths:1 Depths:2 Depths:3
Abyss: Depths:3 Depths:4
Pandemonium: Depths:3

Annotations:
D:8 1 runed door, exclusion: orange crystal statue
Swamp:4 Lernaean hydra
Slime:5 Royal Jelly
Pan Cerebov


Innate Abilities, Weirdness & Mutations

You cannot wear armour.
You are incapable of wielding weapons or throwing items.
Your paws allow you to move quietly. (Stealth)
You have sharp claws.
You have razor-sharp teeth.
You have supernaturally acute eyesight. (SInv)
You are carnivorous and can eat meat at any time.
((You cover ground quickly.))
((Your thick and shaggy fur keeps you warm. (AC +3, rC+)))
You have a slow metabolism.
Your sharp claws are effective at attacking unaware monsters.
You are clumsy. (Dex -2)
You are dopey. (Int -2)
Your spells are a little easier to cast, but a little less powerful.


Message History

You warp the flow of time around you!
You feel somewhat less full.
Found four items.
Unknown command.
You warp the flow of time around you!
Found five items.
Unknown command.
You warp the flow of time around you!
You feel somewhat less full.
Found a runed scarf and 24 gold pieces.
Unknown command.
You warp the flow of time around you!
You feel somewhat less full.
Unknown command.
You hear a distant "Zot"!
You warp the flow of time around you!
You feel somewhat less full.
Cheibriados lowers the support of your attributes as your movement quickens.
Unknown command.
Blink to where?
Press: ? - help, Dir - move target cursor You are very lightly contaminated with residual magic.
As you read the scroll of blinking, it crumbles to dust.
You are covered in liquid flames!
You die...

#2 #"φ $}
###'###
##≈...≈##
#≈§...≈≈#####
#.....§.#$[$#
1'...3...'|[)#
$#.§.§...#$|8#
#≈≈.§.≈§#####
##§...≈##
##''§## 2...
#≈...


You could see a sun demon (wandering).

Vanquished Creatures
  Dissolution (Slime:2)
  the Royal Jelly (Slime:5)
  3 ancient liches
  Khufu (Vaults:2)
  A pandemonium lord (Pan)
  Mara (Depths:4)
  2 juggernauts
  Mennas (Crypt:3)
  14 greater mummies
  2 shard shrikes (Zig:14)
  Bai Suzhen (Vaults:2)
  Xtahua (Vaults:5)
  Margery (Vaults:3)
  A caustic shrike (Depths:4)
  A Killer Klown (Zig:4)
  A golden dragon (shapeshifter) (Vaults:5)
  Jory (Vaults:5)
  A bone dragon (Zig:12)
  5 golden dragons
  2 iron giants
  A Hell Sentinel (Zig:10)
  4 Ice Fiends (Zig:14)
  5 tentacled monstrosities
  10 liches
  5 deep elf blademasters
  5 titans
  2 quicksilver dragons
  An Executioner (Pan)
  6 deep elf master archers
  A quicksilver dragon (shapeshifter) (Zig:4)
  4 large abominations
  3 ancient champions (Tomb:3)
  Kirke (Swamp:1)
  The ghost of Salmacis the Warrior, an adept MiBe of Trog (Elf:2)
  2 tengu reavers
  25 acid blobs
  A thorn hunter (Swamp:4)
  12 sphinxes
  3 shadow dragons
  4 storm dragons
  Donald (Elf:2)
  2 revenants (Crypt:2)
  8 frost giants
  10 fire giants
  8 azure jellies
  A caustic shrike zombie (Zig:12)
  8 emperor scorpions
  A balrug (Pan)
  4 ghost moths (Spider:4)
  A warmonger (Pan)
  7 deep elf sorcerers
  3 juggernaut zombies
  A curse skull (Crypt:1)
  2 draconian knights (Zig:14)
  A cacodemon (Pan)
  A draconian shifter (Depths:5)
  21 vault wardens
  3 ghouls (Crypt:1)
  7 deep elf elementalists
  A stone giant (shapeshifter) (Vaults:5)
  13 reapers
  A spriggan defender (Depths:4)
  26 stone giants
  4 vampire knights
  18 very ugly things
  7 war gargoyles
  16 ironheart preservers
  A yellow draconian (Depths:5)
  20 bennus
  5 entropy weavers
  A green draconian (Depths:5)
  10 spark wasps
  3 lorocyprocas
  11 deep elf demonologists
  Nessos (D:12)
  A minotaur (shapeshifter) (D:14)
  2 black suns (Pan)
  A spark wasp (shapeshifter) (Vaults:5)
  10 deep elf annihilators
  13 eidola
  8 blizzard demons
  10 fire dragons
  2 red draconians
  15 deep elf death magi
  8 ettins
  A merfolk javelineer (Depths:5)
  8 death oozes
  8 jiangshi
  6 deep elf high priests
  A quicksilver dragon zombie (Crypt:2)
  14 yaktaur captains
  3 rakshasas
  25 mummy priests
  8 great orbs of eyes
  21 ice dragons
  A hell beast (Depths:3)
  33 vault guards
  A naga warrior (Zig:3)
  3 catoblepae (Lair:6)
  14 hydras
  2 monstrous demonspawn (Pan)
  2 spriggan air magi
  13 two-headed ogres
  4 deep troll shamans
  17 dancing weapons
  6 alligators
  4 ogre magi
  6 centaur warriors
  8 deep troll earth magi
  5 death yaks (Lair:6)
  6 tengu warriors
  2 satyrs (Zig:7)
  11 death scarabs
  5 orc high priests
  7 vampire magi
  9 hell knights
  16 spriggans
  2 thrashing horrors (Abyss:4)
  4 spriggan berserkers
  2 shock serpents (shapeshifter)
  6 naga sharpshooters
  2 shock serpents (Zig:6)
  5 sun demons (Pan)
  26 deep elf knights
  4 golden dragon zombies
  9 soul eaters
  16 skeletal warriors
  A fire crab (Abyss:4)
  21 deep trolls
  5 sixfirhies
  5 unseen horrors
  A glowing orange brain (shapeshifter) (Depths:4)
  A wretched star (Abyss:4)
  An unseen horror (shapeshifter) (Depths:4)
  A torturous demonspawn (Depths:3)
  6 glowing orange brains
  A shadow demon (Pan)
  An anaconda zombie (Crypt:3)
  A flayed ghost (Vaults:3)
  A tengu zombie (Zig:10)
  An infernal demonspawn (Pan)
  A spriggan druid (Swamp:4)
  8 swamp dragons (Swamp:4)
  An obsidian statue (Zig:9)
  6 wizards
  15 necromancers
  3 shambling mangroves (Swamp:2)
  2 shadow dragon zombies (Crypt:3)
  An anaconda skeleton (Crypt:3)
  A wolf spider zombie (D:14)
  13 ironbrand convokers
  12 phantasmal warriors
  15 deep elf archers
  A harpy (shapeshifter) (Vaults:5)
  17 orc knights
  2 harpies
  An iron dragon zombie (Crypt:3)
  68 deep elf magi
  41 ugly things
  A manticore (shapeshifter) (Depths:2)
  A fire giant zombie (Crypt:1)
  A cyclops (shapeshifter) (Depths:5)
  A human zombie (Vaults:4)
  6 shining eyes
  15 orb spiders
  25 wolf spiders
  2 manticores (Lair:6)
  2 frost giant skeletons
  9 cyclopes
  6 orc sorcerers
  A tengu skeleton (Zig:12)
  2 shadow dragon skeletons
  4 frost giant zombies
  2 moths of wrath
  10 black mambas
  2 fire giant skeletons
  2 rust devils
  A moth of wrath (shapeshifter) (Depths:4)
  17 vault sentinels
  A titan simulacrum (Abyss:4)
  A guardian serpent (Zig:6)
  2 eyes of devastation
  A dire elephant zombie (Crypt:3)
  An eye of devastation (shapeshifter) (Depths:2)
  A spriggan skeleton (Zig:11)
  Psyche (D:9)
  An apocalypse crab (Zig:4)
  A water nymph (shapeshifter) (Vaults:3)
  A torpor snail (Spider:3)
  2 ice statues (IceCv)
  2 smoke demons
  2 gargoyles
  8 spiny frogs
  A yellow draconian zombie (Crypt:2)
  A spiny frog (shapeshifter) (Zig:13)
  4 hellions
  46 yaktaurs
  20 ice devils
  2 yaktaurs (shapeshifter)
  12 freezing wraiths
  3 rime drakes
  A komodo dragon (shapeshifter) (Depths:2)
  A small abomination (Crypt:1)
  4 komodo dragons
  3 efreet
  2 ancient zymes (Abyss:4)
  3 hydra zombies
  9 demonic crawlers
  4 tormentors
  A death yak skeleton (Crypt:1)
  48 guardian mummies
  A minotaur skeleton (Crypt:1)
  3 meliai (Spider:1)
  4 red devils
  3 tengu conjurers
  2 jumping spiders (shapeshifter)
  7 trolls
  13 hellwings (Crypt:3)
  27 jumping spiders
  2 tyrant leeches
  A queen bee (shapeshifter) (Vaults:5)
  A queen bee (Spider:1)
  A harpy skeleton (Crypt:3)
  A polar bear (Lair:4)
  2 meliai (shapeshifter)
  A raiju (shapeshifter) (Vaults:1)
  A hornet (shapeshifter) (Vaults:1)
  Prince Ribbit (D:5)
  3 bog bodies
  A wind drake (shapeshifter) (Depths:2)
  25 hornets
  2 hydra skeletons
  2 dream sheep (shapeshifter)
  2 fire dragon zombies
  5 hippogriffs
  A meliai zombie (Crypt:1)
  101 slime creatures
  14 blink frogs
  An ettin zombie (Crypt:3)
  A fire giant simulacrum (Depths:3)
  An alligator zombie (Crypt:3)
  27 flying skulls
  8 wraiths
  2 air elementals
  6 shadows
  30 tarantellas
  28 ushabtiu
  A fire dragon skeleton (Crypt:3)
  51 redbacks
  A spriggan (shapeshifter) (Vaults:2)
  13 water elementals
  2 hungry ghosts
  34 yaks
  2 ettin skeletons
  A tarantella (shapeshifter) (Vaults:1)
  A vampire (D:11)
  A golden eye (shapeshifter) (Vaults:3)
  A spriggan simulacrum (Zig:14)
  2 wyverns (D:11)
  A neqoxec (Pan)
  2 fire elementals
  A human (Spider:2)
  4 basilisks
  A human (shapeshifter) (Zig:15)
  5 wargs
  8 vampire mosquitoes
  2 chaos spawn (Pan)
  A glowing shapeshifter zombie (Crypt:2)
  2 nagas (Zig:6)
  A warg (shapeshifter) (Vaults:1)
  8 insubstantial wisps (Swamp:2)
  An infernal demonspawn zombie (Crypt:3)
  3 soldier ants
  13 swamp worms
  2 acid dragons (Vaults:1)
  A faun skeleton (Crypt:1)
  A water moccasin (shapeshifter) (Depths:5)
  A floating eye (Depths:4)
  5 water moccasins
  A floating eye (shapeshifter) (Vaults:3)
  3 porcupines
  13 swamp drakes
  40 orc warriors
  A deep troll skeleton (Vaults:4)
  An ice beast (shapeshifter) (Vaults:5)
  7 eyes of draining
  A fire dragon simulacrum (Crypt:1)
  2 black bears (shapeshifter)
  An eye of draining (shapeshifter) (Depths:5)
  A black bear (D:12)
  2 elf zombies
  3 phantoms
  8 ice beasts
  A snapping turtle zombie (Crypt:3)
  A boggart (shapeshifter) (Depths:2)
  4 boggarts
  18 ogres
  An elf skeleton (Vaults:4)
  A swamp dragon skeleton (Crypt:3)
  16 centaurs
  6 crocodiles
  13 bullfrogs
  A rime drake skeleton (Crypt:2)
  An earth elemental (Zig:15)
  5 wyvern skeletons
  3 scorpions
  A scorpion (shapeshifter) (Elf:3)
  37 killer bees
  5 wights
  3 howler monkeys
  3 crimson imps
  5 centaur zombies
  4 hounds
  2 quasits
  7 iron imps
  17 orc priests
  5 centaur skeletons
  7 jellies
  27 orc wizards
  A bullfrog skeleton (D:5)
  5 iguanas
  A human skeleton (Crypt:3)
  7 hell rats
  10 worker ants
  2 killer bee zombies
  A hound zombie (D:10)
  A hound skeleton (D:7)
  35 mummies
  A worker ant zombie (D:10)
  11 adders
  11 gnolls
  A gnoll (shapeshifter) (Vaults:5)
  6 shadow imps
  11 white imps
  2 ufetubi (IceCv)
  6 oozes
  3 adder zombies
  2 dart slugs
  7 leopard geckos
  104 orcs
  4 bats
  5 giant cockroaches
  9 goblins
  7 hobgoblins
  14 jackals
  11 quokkas
  3 ball pythons
  A ball python skeleton (Crypt:2)
  6 frilled lizards
  7 kobolds
  A leopard gecko zombie (D:7)
  An orc zombie (Crypt:3)
  5 rats
  5 crawling corpses
  A plant (Depths:5)
  4 withered plants (Crypt:3)
2431 creatures vanquished.

Vanquished Creatures (collateral kills)
  the Lernaean hydra (Swamp:4)
  An orc knight (Orc:1)
  3 vampire mosquitoes (Swamp:4)
  An orc warrior (Orc:1)
6 creatures vanquished.

Vanquished Creatures (others)
  Nikola (Elf:1)
  A deep elf blademaster (Zig:5)
  An eldritch tentacle (Spider:4)
  An ancient champion (Tomb:3)
  4 death scarabs
  An ogre mage (Vaults:3)
  An infernal demonspawn (Pan)
  A skeletal warrior (Tomb:1)
  A salamander (shapeshifter) (Vaults:5)
  2 guardian mummies (Tomb:2)
  2 blink frogs (Swamp:1)
  A slime creature (Slime:2)
  A large abomination (Pan)
  7 flying skulls (Tomb:2)
  5 humans (Swamp:1)
  3 mummies
  5 white imps (IceCv)
  4 ufetubi (IceCv)
  3 briar patches (Swamp:4)
  5 fungi
  9 plants
  10 toadstools (Lair:4)
  21 withered plants
90 creatures vanquished.

Grand Total: 2527 creatures vanquished

Notes
Turn   | Place    | Note
-------+----------+-------------------------------------------
     0 | D:1      | 4thArraOfDagon the Felid Wanderer began the quest for the Orb.
     0 | D:1      | 4thArraOfDagon set off with: 2 scrolls of blinking, 2 potions of curing, a ration
     0 | D:1      | Reached XP level 1. HP: 12/12 MP: 3/3
    79 | D:3      | Noticed a howler monkey
   173 | D:3      | You fall through a shaft for 3 floors!
   184 | D:6      | Noticed a worker ant
   197 | D:6      | Noticed a crimson imp
   206 | D:6      | Noticed a bullfrog
   233 | D:6      | Found a staircase to the Ecumenical Temple.
   234 | D:6      | Noticed a crimson imp
   236 | Temple   | Entered the Ecumenical Temple
   332 | Temple   | Became a worshipper of Cheibriados the Contemplative
   364 | D:6      | Killed a bullfrog
   364 | D:6      | Reached XP level 2. HP: 12/16 MP: 4/4
   364 | D:6      | Reached XP level 3. HP: 14/19 MP: 5/5
   364 | D:6      | Reached XP level 4. HP: 17/23 MP: 6/6
   661 | D:5      | Entered Level 5 of the Dungeon
   671 | D:6      | Noticed an ogre
   830 | D:6      | Noticed a bullfrog
   838 | D:6      | Killed a bullfrog
   838 | D:6      | Reached skill level 1 in Invocations
   838 | D:6      | Reached XP level 5. HP: 21/26 MP: 7/7
  1155 | D:4      | Slain by an orc
  1156 | D:4      | Reached XP level 4. HP: -1/23 MP: 6/6
  1324 | D:4      | Reached * piety under Cheibriados
  1324 | D:4      | Reached XP level 5. HP: 9/26 MP: 7/7
  1798 | D:1      | Reached ** piety under Cheibriados
  2288 | D:3      | Gained mutation: You are covered in thick fur. (AC +2) [Felid growth]
  2288 | D:3      | Reached XP level 6. HP: 30/30 MP: 8/8
  2328 | D:3      | Reached *** piety under Cheibriados
  2564 | D:4      | Reached skill level 5 in Stealth
  2752 | D:4      | Reached skill level 5 in Unarmed Combat
  2778 | D:4      | Reached XP level 7. HP: 33/33 MP: 8/10
  2830 | D:5      | Reached skill level 5 in Dodging
  2866 | D:5      | Noticed Prince Ribbit
  2866 | D:5      | Killed from afar by an orc wizard
  2867 | D:5      | Reached XP level 6. HP: 0/30 MP: 9/9
  2883 | D:5      | Killed Prince Ribbit
  2883 | D:5      | Reached XP level 7. HP: 27/33 MP: 10/10
  3154 | D:6      | Reached **** piety under Cheibriados
  3180 | D:6      | Found Kilo's Food Shop.
  3268 | D:6      | Reached XP level 8. HP: 24/37 MP: 12/12
  3576 | D:7      | Learned a level 5 spell: Lee's Rapid Deconstruction
  3674 | D:8      | Found a radiant altar of Vehumet.
  3674 | D:8      | Found an ornate altar of the Wu Jian Council.
  3685 | D:8      | Noticed a hippogriff
  3694 | D:8      | Killed a hippogriff
  3700 | D:8      | Reached skill level 5 in Invocations
  3741 | D:8      | Reached XP level 9. HP: 40/40 MP: 7/13
  3843 | D:8      | Noticed an orange crystal statue
  3872 | D:8      | Found the +10 large shield of Ignorance {rN+ Int-4}
  3953 | D:8      | Found a viscous altar of Jiyva.
  3982 | D:8      | Found a runed door.
  4017 | D:8      | Noticed a gargoyle
  4072 | D:9      | Noticed a two-headed ogre
  4080 | D:9      | Killed a two-headed ogre
  4268 | D:9      | Noticed a two-headed ogre
  4268 | D:9      | Noticed Psyche
  4284 | D:9      | Killed a two-headed ogre
  4284 | D:9      | Reached XP level 10. HP: 19/44 MP: 15/15
  4294 | D:9      | Killed Psyche
  4294 | D:9      | Reached skill level 10 in Stealth
  4299 | D:9      | Noticed a deep elf mage
  4306 | D:9      | Killed a deep elf mage
  4306 | D:9      | Reached skill level 10 in Unarmed Combat
  4312 | D:9      | Noticed an unseen horror
  4312 | D:9      | Noticed an orc knight
  4317 | D:9      | Killed an orc knight
  4335 | D:9      | Found a roughly hewn altar of Beogh.
  4337 | D:9      | Found a staircase to the Orcish Mines.
  4338 | D:9      | Reached ***** piety under Cheibriados
  4427 | D:9      | Killed an unseen horror
  4429 | D:9      | Reached skill level 10 in Dodging
  4488 | D:10     | Entered Level 10 of the Dungeon
  4488 | D:10     | Noticed a two-headed ogre
  4489 | D:10     | Killed a two-headed ogre
  4489 | D:10     | Reached XP level 11. HP: 47/47 MP: 17/17
  5245 | D:11     | Found Camm's Food Emporium.
  5380 | D:11     | Found a burning altar of Makhleb.
  5525 | D:12     | Noticed a two-headed ogre
  5533 | D:12     | Killed a two-headed ogre
  5633 | D:12     | Noticed a red ugly thing
  5640 | D:12     | Killed a red ugly thing
  5681 | D:12     | Noticed Nessos
  5691 | D:12     | Killed Nessos
  5730 | D:12     | Gained mutation: Your thick and shaggy fur keeps you warm. (AC +3, rC+) [Felid growth]
  5730 | D:12     | Reached XP level 12. HP: 12/51 MP: 15/19
  5888 | D:13     | Learned a level 6 spell: Statue Form
  5944 | D:14     | Found a glowing golden altar of the Shining One.
  6008 | D:14     | Reached skill level 1 in Transmutations
  6023 | D:14     | Found a corrupted altar of Lugonu.
  6029 | D:14     | Reached skill level 1 in Earth Magic
  6041 | D:15     | Entered Level 15 of the Dungeon
  6086 | D:14     | Reached skill level 1 in Spellcasting
  6154 | D:14     | Noticed a four-headed hydra
  6571 | D:14     | Noticed a two-headed ogre
  6588 | D:14     | Killed a two-headed ogre
  6890 | D:11     | Reached skill level 5 in Transmutations
  7243 | Orc:1    | Entered Level 1 of the Orcish Mines
  7294 | Orc:1    | Reached skill level 5 in Earth Magic
  7486 | Orc:2    | Entered Level 2 of the Orcish Mines
  7621 | Orc:2    | Found a staircase to the Elven Halls.
  7698 | Orc:1    | Noticed an ogre mage
  8174 | Orc:1    | Noticed a two-headed ogre
  8174 | Orc:1    | Noticed a two-headed ogre
  8174 | Orc:1    | Noticed a two-headed ogre
  8305 | Orc:2    | Noticed an orc high priest
  8323 | Orc:2    | Killed an orc high priest
  8439 | Orc:2    | Reached XP level 13. HP: 38/54 MP: 20/20
  8590 | Orc:2    | Found Deustruma's Antique Armour Boutique.
  8594 | Orc:2    | Found Ibypsou's Armour Emporium.
  8599 | Orc:2    | Found Lirob's Book Emporium.
  8601 | Orc:2    | Found Diwnuhy's General Store.
  8912 | D:10     | Found a staircase to the Lair.
  8943 | Lair:1   | Entered Level 1 of the Lair of Beasts
  9139 | Lair:6   | Entered Level 6 of the Lair of Beasts
  9257 | Lair:6   | Found a staircase to the Slime Pits.
  9328 | Lair:6   | Reached skill level 5 in Spellcasting
  9552 | Lair:6   | Reached ****** piety under Cheibriados
  9688 | Lair:6   | Reached skill level 10 in Transmutations
  9950 | Elf:1    | Entered Level 1 of the Elven Halls
  9972 | Elf:1    | Reached XP level 14. HP: 58/58 MP: 22/24
 10121 | Elf:1    | Found a deep blue altar of Sif Muna.
 10163 | Elf:1    | Noticed Nikola
 10176 | Elf:1    | Killed Nikola
 10380 | Elf:1    | Got a wavering jade ring
 10381 | Elf:1    | Identified the ring "Dedwenna" {+Fly rPois rF+ MP+9 Str+3} (You found it on level 1 of the Elven Halls)
 10541 | Elf:2    | Reached skill level 10 in Earth Magic
 10596 | Elf:3    | Entered Level 3 of the Elven Halls
 10601 | Elf:3    | Found a frozen archway.
 10618 | IceCv    | Entered an ice cave
 11145 | Elf:3    | Noticed a deep elf elementalist
 11149 | Elf:3    | Killed a deep elf elementalist
 11165 | Elf:3    | Thaneod: !rng win lose
 11167 | Elf:3    | beem: The RNG chooses: win.
 11185 | Elf:2    | Noticed Donald
 11185 | Elf:2    | Reached XP level 15. HP: 61/61 MP: 28/28
 11188 | Elf:2    | Killed Donald
 11188 | Elf:2    | Reached skill level 10 in Invocations
 11324 | Elf:3    | Reached skill level 5 in Evocations
 11393 | Elf:3    | Noticed a deep elf master archer
 11411 | Elf:3    | Killed a deep elf master archer
 11425 | Elf:3    | Noticed a deep elf master archer
 11429 | Elf:3    | Killed a deep elf master archer
 11483 | Elf:3    | Noticed a deep elf blademaster
 11491 | Elf:3    | Killed a deep elf blademaster
 11554 | Elf:3    | Noticed a deep elf sorcerer
 11557 | Elf:3    | Killed a deep elf sorcerer
 11617 | Elf:3    | Noticed a deep elf sorcerer
 11620 | Elf:3    | Noticed a deep elf blademaster
 11620 | Elf:3    | Paralysed by an orc sorcerer for 3 turns
 11624 | Elf:3    | Killed a deep elf sorcerer
 11626 | Elf:3    | Killed a deep elf blademaster
 11626 | Elf:3    | Reached XP level 16. HP: 21/69 MP: 28/29
 11728 | Elf:3    | Got a pitted bronze ring
 11758 | Elf:3    | Identified the Papyrus of the Assistive Traveller
 11796 | Elf:3    | Identified the Reference Book on the Doomed Volcanoes
 11869 | Elf:3    | Identified the ring "Lapytic" {rC+ rN+} (You took it off a deep elf demonologist on level 3 of the Elven Halls)
 11994 | Elf:2    | Noticed Salmacis's ghost (adept MiBe)
 11998 | Elf:2    | 4thArraOfDagon: !lg salmacis mibe -log
 11998 | Elf:2    | beem: 13. Salmacis, XL16 MiBe, T:23590: https://crawl.xtahua.com/crawl/morgue/Salmacis/morgue-Salmacis-20180406-234132.txt
 12044 | Elf:2    | Killed Salmacis's ghost
 12072 | Elf:2    | Noticed a Tzitzimitl
 12077 | Elf:2    | Shot with an arrow by a deep elf knight
 12078 | Elf:2    | Reached XP level 15. HP: -2/85 MP: 23/37
 12792 | Lair:3   | Reached skill level 15 in Unarmed Combat
 13079 | Lair:4   | Found a hole to the Spider Nest.
 13096 | Spider:1 | Entered Level 1 of the Spider Nest
 13282 | Spider:1 | Learned a level 9 spell: Shatter
 13335 | Spider:1 | Reached XP level 16. HP: 72/72 MP: 29/29
 13463 | Spider:2 | Reached skill level 15 in Dodging
 13482 | Spider:2 | Blown up by an orb spider
 13483 | Spider:2 | Reached XP level 15. HP: -5/88 MP: 20/37
 13489 | Spider:2 | Leszczynek: wow
 13489 | Spider:2 | Gunzzzzmaster: first time I see a felid in action
 13505 | Spider:2 | Leszczynek: ood pursues you endlessly like that?
 13529 | Spider:2 | Gunzzzzmaster: what do they excel at? what's their gimmick?
 13573 | Spider:2 | Leszczynek: at being quick and having multiple lives
 13579 | Spider:2 | Leszczynek: !apt fe
 13586 | Spider:2 | beem: Fe: Fighting: 0, Short: N/A, Long: N/A, Axes: N/A, Maces: N/A, Polearms: N/A, Staves: N/A, Slings: N/A, Bows: N/A, Xbows: N/A, Throw: N/A, Armour: N/A, Dodge: 3, Stealth: 4, Shields: N/A, UC: 0, Splcast: -1, Conj: -1, Hexes: 4, Charms: 2, Summ: 0, Nec: 0, Tloc: 4, Tmut: 1, Fire: -1, Ice: -1, Air: -1, Earth: -1, Poison: -1, Inv: 0, Evo: 1, Exp: -1, HP: -4*, MP: 1
 13782 | Spider:3 | Gunzzzzmaster: interesting
 13822 | Spider:3 | Gunzzzzmaster: seems very hard to play
 13989 | Spider:3 | Leszczynek: one of the hardest, i guess
 14042 | Spider:3 | Leszczynek: although you can run from many things
 14106 | Spider:4 | Entered Level 4 of the Spider Nest
 14110 | Spider:4 | Leszczynek: not with chei as a god, of course
 14148 | Spider:4 | Gunzzzzmaster: ??cheibriados
 14150 | Spider:4 | beem: cheibriados[1/13]: The Slow God! Gives piety for killing things faster than you, and slows you down as you gain piety. Chei increases your movement delay by 2+piety/20 (capped at 10) and boosts all your stats by piety/10 - 1 (capped at 15).
 14167 | Spider:4 | Noticed a ghost moth
 14171 | Spider:4 | Killed a ghost moth
 14171 | Spider:4 | Reached skill level 10 in Fighting
 14177 | Spider:4 | Noticed a ghost moth
 14178 | Spider:4 | Gunzzzzmaster: wow :p
 14179 | Spider:4 | Killed a ghost moth
 14187 | Spider:4 | Gunzzzzmaster: interesting combination to say the least
 14326 | Spider:4 | Noticed a ghost moth
 14331 | Spider:4 | Killed a ghost moth
 14374 | Spider:4 | Noticed a ghost moth
 14375 | Spider:4 | Killed a ghost moth
 14390 | Spider:4 | Reached XP level 16. HP: 73/73 MP: 10/29
 14455 | Spider:4 | Got a gossamer rune of Zot
 14598 | Lair:4   | Found a staircase to the Swamp.
 14614 | Swamp:1  | Entered Level 1 of the Swamp
 14614 | Swamp:1  | Noticed Kirke
 14615 | Swamp:1  | Killed Kirke
 15227 | Swamp:4  | Entered Level 4 of the Swamp
 15297 | Swamp:4  | Noticed a thorn hunter
 15309 | Swamp:4  | Killed a thorn hunter
 15345 | Swamp:4  | Gunzzzzmaster: that fight looked so easy :o
 15580 | Swamp:4  | Noticed the 27-headed Lernaean hydra
 15588 | Swamp:4  | Killed the 27-headed Lernaean hydra
 15687 | Swamp:4  | Reached XP level 17. HP: 79/79 MP: 30/30
 15692 | Swamp:4  | Got a decaying rune of Zot
 16311 | D:15     | Found a staircase to the Depths.
 16349 | Depths:1 | Entered Level 1 of the Depths
 16358 | Depths:1 | Found a gateway to Hell.
 16582 | Depths:2 | 4thArraOfDagon: ??octopode crusher
 16582 | Depths:2 | beem: octopode crusher[1/1]: An {octopode} monster that can "throw" you while you're being constricted for 1d60 AC-checking, unavoidable damage. It prefers to throw you to a location near nasty monsters or open space. Also casts iron shot. Replaced by iron giants in 0.18.
 16644 | Depths:2 | Found Biphegg's Jewellery Shoppe.
 16681 | Depths:2 | Found Zokigrio's Assorted Antiques.
 16693 | Depths:2 | Bought a scroll of teleportation for 135 gold pieces
 16693 | Depths:2 | Bought a scroll labeled HYKERE GECVYO for 45 gold pieces
 16706 | Depths:2 | Identified the Reference Book on Dark Secrets and the Frostbite
 16913 | Depths:2 | Noticed a titan
 16987 | Depths:2 | Killed a titan
 17017 | Depths:2 | Noticed a juggernaut
 17024 | Depths:2 | Killed a juggernaut
 17108 | Depths:2 | Noticed a golden dragon
 17113 | Depths:2 | Killed a golden dragon
 17227 | Depths:2 | Thaneod: ??iron giant
 17228 | Depths:2 | beem: iron giant[1/2]: A stone giant on steroids that lost its large rocks and instead iron shots, melees and throws dudes at you. All its attacks can hit for 90+ and the throw ignores EV. Comes with big beefy HP, big beefy AC and big beefy resistances. If you absolutely have to fight it keep in mind the throw can mess up your positioning.
 17231 | Depths:3 | Reached XP level 18. HP: 85/85 MP: 29/31
 17374 | Depths:3 | Found a one-way gate to the infinite horrors of the Abyss.
 17506 | Depths:3 | Found a gateway to a ziggurat.
 17548 | Depths:3 | Noticed a tentacled monstrosity
 17555 | Depths:3 | Killed a tentacled monstrosity
 17673 | Depths:3 | Noticed a golden dragon
 17678 | Depths:3 | Killed a golden dragon
 17781 | Depths:3 | Found a one-way gate leading to the halls of Pandemonium.
 17926 | Depths:4 | Noticed Mara
 17937 | Depths:4 | Killed Mara
 17937 | Depths:4 | Reached skill level 10 in Spellcasting
 18168 | Depths:4 | Reached XP level 19. HP: 90/90 MP: 35/35
 18289 | Depths:4 | Noticed a caustic shrike
 18292 | Depths:4 | Killed a caustic shrike
 18316 | Depths:4 | Noticed a juggernaut
 18321 | Depths:4 | Killed a juggernaut
 18425 | Depths:4 | Noticed a golden dragon
 18431 | Depths:4 | Killed a golden dragon
 18472 | Depths:5 | Entered Level 5 of the Depths
 18481 | Depths:5 | Reached skill level 15 in Spellcasting
 18670 | Depths:5 | Reached XP level 20. HP: 94/94 MP: 41/41
 19053 | Depths:1 | Found a stormy altar of Qazlal.
 19192 | Depths:1 | p0werm0de: super-SUP !!
 19394 | D:14     | Found a gate to the Vaults.
 19403 | Vaults:1 | Entered Level 1 of the Vaults
 19698 | Vaults:2 | Learned a level 2 spell: Blink
 19701 | Vaults:2 | Learned a level 2 spell: Passwall
 19716 | Vaults:2 | Found a staircase to the Crypt.
 20196 | Vaults:3 | Noticed Margery
 20213 | Vaults:3 | Killed Margery
 20320 | Vaults:3 | Reached XP level 21. HP: 97/97 MP: 42/42
 20374 | Vaults:2 | Noticed Bai Suzhen
 20379 | Vaults:2 | Killed Bai Suzhen
 20868 | Vaults:4 | Reached skill level 15 in Earth Magic
 21164 | Vaults:5 | Entered Level 5 of the Vaults
 21357 | Vaults:5 | Noticed Xtahua
 21523 | Vaults:5 | Identified the ring of Cilo {Ice Str+4} (You took it off a vault warden on level 5 of the Vaults)
 21554 | Vaults:5 | Reached XP level 22. HP: 102/102 MP: 43/43
 21561 | Vaults:5 | Noticed Jory
 21569 | Vaults:5 | Killed Jory
 21708 | Vaults:5 | Noticed a golden dragon
 21708 | Vaults:5 | Noticed a golden dragon
 21717 | Vaults:5 | Killed a golden dragon
 21724 | Vaults:5 | Killed a golden dragon
 21905 | Vaults:5 | Killed Xtahua
 22046 | Vaults:5 | Got a silver rune of Zot
 22059 | Vaults:5 | Noticed a caustic shrike
 22059 | Vaults:5 | an iron dragon changed into a caustic shrike
 22062 | Vaults:5 | Noticed a golden dragon
 22062 | Vaults:5 | a caustic shrike changed into a golden dragon
 22063 | Vaults:5 | Killed a golden dragon
 22188 | Vaults:5 | Learned a level 4 spell: Passage of Golubria
 22460 | Crypt:1  | Entered Level 1 of the Crypt
 22460 | Crypt:1  | Noticed Khufu
 22460 | Crypt:1  | Noticed a greater mummy
 22469 | Vaults:2 | Killed Khufu
 22480 | Vaults:2 | Killed a greater mummy
 22510 | Crypt:1  | Reached XP level 23. HP: 105/105 MP: 44/44
 22644 | Crypt:1  | Found a magical portal.
 22648 | WizLab   | Entered Iskenderun's Mystic Tower
 22804 | Crypt:3  | Entered Level 3 of the Crypt
 22922 | Crypt:3  | Noticed Mennas
 22929 | Crypt:3  | Killed Mennas
 23162 | Crypt:3  | Found an ancient bone altar of Kikubaaqudgha.
 23264 | Crypt:3  | Identified the ring of Rotribb {rN+ MR+ MP+9} (You took it off a necromancer on level 3 of the Crypt)
 23270 | Crypt:3  | Noticed an ancient lich
 23276 | Crypt:3  | Killed an ancient lich
 23286 | Crypt:3  | Identified the ring "Jegymn" {rC++ rN+} (You took it off a necromancer on level 3 of the Crypt)
 23290 | Crypt:3  | Found the +8 longbow "Zephyr" {speed, Dex+3 SInv}
 23294 | Crypt:3  | Identified Sif Muna's Almanac of Evil Rites
 23299 | Crypt:3  | Learned a level 2 spell: Sublimation of Blood
 23303 | Crypt:3  | Learned a level 3 spell: Regeneration
 23408 | Crypt:3  | Found a staircase to the Tomb.
 23417 | Tomb:1   | Entered Level 1 of the Tomb of the Ancients
 23536 | Tomb:1   | Reached skill level 1 in Charms
 23538 | Tomb:1   | Reached skill level 1 in Necromancy
 23625 | Tomb:1   | Noticed a greater mummy
 23631 | Tomb:1   | Killed a greater mummy
 23710 | Tomb:1   | Reached XP level 24. HP: 109/109 MP: 44/44
 23797 | Tomb:2   | Noticed a greater mummy
 23841 | Tomb:2   | Reached skill level 5 in Charms
 23868 | Tomb:2   | Cast into level 4 of the Abyss (a Zot trap)
 23868 | Abyss:4  | Found a corrupted altar of Lugonu.
 23905 | Abyss:4  | Identified the ring "Zaluaj" {rC+ MP+9 Str+2} (You found it on level 4 of the Abyss)
 23934 | Abyss:4  | Noticed an ancient lich
 23940 | Abyss:4  | Killed an ancient lich
 23940 | Abyss:4  | Reached skill level 5 in Necromancy
 23961 | Tomb:2   | Escaped the Abyss
 24018 | Tomb:3   | Entered Level 3 of the Tomb of the Ancients
 24056 | Tomb:3   | Noticed a greater mummy
 24113 | Tomb:3   | Noticed a greater mummy
 24113 | Tomb:3   | Noticed an ancient lich
 24115 | Tomb:3   | Noticed a greater mummy
 24131 | Tomb:2   | Killed a greater mummy
 24149 | Tomb:2   | Killed a greater mummy
 24194 | Tomb:2   | wojtek: cast regen before going?
 24230 | Tomb:3   | Noticed a greater mummy
 24230 | Tomb:3   | Noticed a greater mummy
 24235 | Tomb:3   | Killed a greater mummy
 24236 | Tomb:3   | Noticed a greater mummy
 24237 | Tomb:3   | Noticed a greater mummy
 24239 | Tomb:3   | Noticed a greater mummy
 24241 | Tomb:3   | Got a golden rune of Zot
 24282 | Tomb:3   | Killed a greater mummy
 24287 | Tomb:3   | emperorscorpion: such a bad teleportation
 24299 | Tomb:3   | Killed a greater mummy
 24305 | Tomb:3   | Killed a greater mummy
 24314 | Tomb:3   | Killed a greater mummy
 24378 | Tomb:3   | Killed an ancient lich
 24378 | Tomb:3   | Reached skill level 15 in Stealth
 24385 | Tomb:3   | Killed a greater mummy
 24412 | Tomb:3   | 4thArraOfDagon: yea
 24412 | Tomb:3   | 4thArraOfDagon: unlucky tomb :(
 24419 | Tomb:3   | Identified the Papyrus of the Arsonist
 24422 | Tomb:3   | Identified the ring of Kitsecaw {*Tele rPois MP+9 Stlth+} (You found it on level 3 of the Tomb of the Ancients)
 24424 | Tomb:3   | Identified the ring of Sekk {EV+3 Dex+2} (You found it on level 3 of the Tomb of the Ancients)
 24429 | Tomb:3   | Identified the cursed ring of Bodily Harmony {rPois Int+3 Dex-2 Slay-2} (You found it on level 3 of the Tomb of the Ancients)
 24430 | Tomb:3   | 4thArraOfDagon: but at least rings are good
 24432 | Tomb:3   | Identified the Reference Book on Fetching Dislocation
 24526 | Tomb:2   | wojtek: I missed when you took the rune :-)
 24577 | Tomb:2   | Noticed a greater mummy
 24582 | Tomb:2   | Killed a greater mummy
 24582 | Tomb:2   | Reached skill level 15 in Fighting
 24646 | Tomb:2   | Noticed a greater mummy
 24648 | Tomb:2   | Killed a greater mummy
 24648 | Tomb:2   | Reached XP level 25. HP: 113/117 MP: 44/44
 24672 | Tomb:2   | Noticed a greater mummy
 24679 | Tomb:2   | Killed a greater mummy
 24702 | Tomb:2   | Gained mutation: You are dopey. (Int -2) [a neqoxec]
 24714 | Tomb:2   | emperorscorpion: the rune was teleported away from him, and a swarm of mummies nearly killed him afterwards
 24774 | Tomb:2   | Killed a greater mummy
 25212 | D:10     | p0werm0de: oops
 25213 | D:10     | p0werm0de: !lg
 25213 | D:10     | beem: 12326. p0werm0de the Champion of Chaos (L21 DDFi of Makhleb), slain by an Orb Guardian on Zot:5 (hall_of_Zot) on 2018-04-07 16:31:10, with 393696 points after 24601 turns and 0:41:58.
 25213 | D:10     | p0werm0de: 41 very slow anyway
 25213 | D:10     | 4thArraOfDagon: ahh
 25213 | D:10     | p0werm0de: teleported and land directly in orb chamber
 25213 | D:10     | p0werm0de: quaff might+ haste hold tab
 25213 | D:10     | p0werm0de: insta death bcz there was a moth of wrath ;D
 25213 | D:10     | 4thArraOfDagon: :/
 25213 | D:10     | 4thArraOfDagon: !lg p0werm0de -log
 25213 | D:10     | beem: 12326. p0werm0de, XL21 DDFi, T:24601: https://crawl.xtahua.com/crawl/morgue/p0werm0de/morgue-p0werm0de-20180407-163110.txt
 25213 | D:10     | p0werm0de: whats this here
 25213 | D:10     | p0werm0de: how many runes?
 25213 | D:10     | 4thArraOfDagon: just standard ones except slime
 25213 | D:10     | p0werm0de: kk
 25213 | D:10     | 4thArraOfDagon: man, 41mins is A+
 25213 | D:10     | 4thArraOfDagon: thats top10
 25213 | D:10     | 4thArraOfDagon: human top10 :)
 25220 | D:10     | p0werm0de: no
 25243 | D:10     | p0werm0de: top 10 is now <36
 25248 | Lair:1   | Thaneod: :)
 25248 | Lair:1   | 4thArraOfDagon: w00t, competition went upwards recently
 25258 | Lair:2   | p0werm0de: http://www.ultraviolent4.com/speedrunning.html
 25258 | Lair:2   | p0werm0de: manman went crazy a bit ye
 25332 | Slime:1  | Entered Level 1 of the Pits of Slime
 25339 | Lair:6   | Reached skill level 1 in Translocations
 25387 | Slime:2  | Noticed Dissolution
 25389 | Slime:2  | Killed Dissolution
 25407 | Slime:2  | Reached skill level 5 in Translocations
 25420 | Slime:2  | Found a viscous altar of Jiyva.
 25544 | Slime:4  | Gained mutation: Your spells are a little easier to cast, but a little less powerful. [a shining eye]
 25598 | Slime:5  | Entered Level 5 of the Pits of Slime
 25620 | Slime:4  | Mangled by a titanic slime creature
 25621 | Slime:4  | Reached XP level 24. HP: -13/148 MP: 52/53
 25669 | Slime:5  | Gained mutation: You are clumsy. (Dex -2) [a shining eye]
 25814 | Slime:5  | Splashed by an acid blob's acid
 25815 | Slime:5  | Reached XP level 23. HP: -1/143 MP: 46/53
 25839 | Slime:5  | Noticed the Royal Jelly
 25866 | Slime:5  | Found a viscous altar of Jiyva.
 25905 | Slime:5  | Reached skill level 10 in Translocations
 25910 | Slime:5  | magipi: yeah, go felid!
 25928 | Slime:5  | Killed the Royal Jelly
 25987 | Slime:5  | Learned a level 1 spell: Apportation
 26001 | Slime:5  | Identified the ring of Xom's Flight of Fancy {rPois Str+6 Dex+2} (You found it on level 5 of the Pits of Slime)
 26015 | Slime:5  | Got a slimy rune of Zot
 26159 | D:10     | :)
 26340 | Zig:1    | Entered Level 1 of a ziggurat
 26351 | Zig:2    | Entered Level 2 of a ziggurat
 26359 | Zig:2    | Reached skill level 10 in Necromancy
 26366 | Zig:3    | Entered Level 3 of a ziggurat
 26384 | Zig:4    | Entered Level 4 of a ziggurat
 26384 | Zig:4    | Noticed a Killer Klown
 26391 | Zig:4    | Killed a Killer Klown
 26404 | Zig:5    | Entered Level 5 of a ziggurat
 26434 | Zig:5    | Identified the Volume of the Supportive Traveller
 26443 | Zig:5    | Learned a level 5 spell: Aura of Abjuration
 26444 | Zig:6    | Entered Level 6 of a ziggurat
 26455 | Zig:6    | Reached skill level 1 in Summonings
 26487 | Zig:7    | Entered Level 7 of a ziggurat
 26504 | Zig:7    | Reached XP level 24. HP: 114/114 MP: 44/44
 26525 | Zig:8    | Entered Level 8 of a ziggurat
 26568 | Zig:8    | Identified Jusseoj's Reference Book on Bewitching Translocation
 26572 | Zig:8    | Identified the ring of One Cuwn {Wiz rC+ rN+ Dex-3 SInv} (You found it on level 8 of a ziggurat)
 26573 | Zig:8    | Identified the ring "Eborr" {-Tele +Inv rN+++ MP+9 Str-2} (You found it on level 8 of a ziggurat)
 26578 | Zig:9    | Entered Level 9 of a ziggurat
 26600 | Zig:9    | Identified Kyget's Incunabulum of the Creative Volcanoes
 26605 | Zig:9    | Identified the ring "Duheb" {rPois rF- Str-2 Slay+6 Stlth+} (You found it on level 9 of a ziggurat)
 26608 | Zig:10   | Entered Level 10 of a ziggurat
 26613 | Zig:10   | Reached skill level 5 in Summonings
 26648 | Zig:10   | Found the +2 pair of boots of the Assassin {Detection Stab+ Stlth++}
 26656 | Zig:10   | Identified the Handbook of Execration and Poison
 26662 | Zig:10   | Identified the +3 crystal plate armour of Dyspraxia {*Corrode rElec MR+++ MP+9} (You found it on level 10 of a ziggurat)
 26683 | Zig:11   | Entered Level 11 of a ziggurat
 26714 | Zig:11   | Found the +4 arc blade {discharge, rElec}
 26721 | Zig:11   | Identified the ring "Ezucku Roqua" {rPois Str+9 Int+3 Stlth+} (You found it on level 11 of a ziggurat)
 26731 | Zig:12   | Entered Level 12 of a ziggurat
 26745 | Zig:12   | HP: 7/148 [iron giant/great mace (47)]
 26746 | Zig:12   | 4thArraOfDagon: hmm
 26746 | Zig:12   | 4thArraOfDagon: they have harpoon shots now???
 26746 | Zig:12   | 4thArraOfDagon: ??harpoon shot
 26746 | Zig:12   | beem: I don't have a page labeled harpoon_shot in my learndb.
 26746 | Zig:12   | 4thArraOfDagon: ??Harpoon Shot
 26746 | Zig:12   | beem: I don't have a page labeled Harpoon_Shot in my learndb.
 26746 | Zig:12   | 4thArraOfDagon: ??iron giant
 26746 | Zig:12   | beem: iron giant[1/2]: A stone giant on steroids that lost its large rocks and instead iron shots, melees and throws dudes at you. All its attacks can hit for 90+ and the throw ignores EV. Comes with big beefy HP, big beefy AC and big beefy resistances. If you absolutely have to fight it keep in mind the throw can mess up your positioning.
 26746 | Zig:12   | magipi: sigh
 26795 | Zig:12   | magipi: what are we looking for?
 26797 | Zig:12   | 4thArraOfDagon: just one more level
 26809 | Zig:13   | Entered Level 13 of a ziggurat
 26859 | Zig:13   | Identified 2 scrolls of acquirement
 26867 | Zig:13   | thx
 26871 | Zig:14   | Entered Level 14 of a ziggurat
 26899 | Zig:14   | Noticed a shard shrike
 26899 | Zig:14   | Noticed a shard shrike
 26901 | Zig:14   | Killed a shard shrike
 26901 | Zig:14   | Killed a shard shrike
 26901 | Zig:14   | magipi: wow
 26906 | Zig:14   | Reached skill level 15 in Invocations
 26945 | Zig:14   | 4thArraOfDagon: this
 26964 | Zig:14   | 4thArraOfDagon: well I was counting for some xp pots ( extra lives)
 26965 | Zig:15   | Entered Level 15 of a ziggurat
 26978 | Zig:15   | Reached XP level 25. HP: 118/118 MP: 18/44
 26981 | Zig:15   | Reached skill level 15 in Translocations
 27022 | Depths:3 | Learned a level 8 spell: Controlled Blink
 27040 | Pan      | Entered Pandemonium
 27068 | Depths:3 | Escaped Pandemonium
 27074 | Pan      | Entered Pandemonium
 27107 | Pan      | Noticed Heme Mow the pandemonium lord
 27148 | Pan      | Whatsup
 27161 | Pan      | Killed Heme Mow the pandemonium lord
 27206 | Pan      | Entered the realm of Cerebov.
 27206 | Pan      | Noticed Cerebov
 27207 | Pan      | magipi: wowww
 27213 | Pan      | HP: 6/153 [balrug/antimagic demon whip (16)]
 27214 | Pan      | 4thArraOfDagon: nice tele
 27214 | Pan      | magipi: ugh
 27214 | Pan      | 4thArraOfDagon: you cant help with this
 27214 | Pan      | Thaneod: game hate you:)
 27214 | Pan      | Incinerated by a balrug

Vault maps used:
D:1:      scummos_arrival_simple_fountains, minivault_25
D:3:      minmay_cupped
D:5:      first_ration, uniq_prince_ribbit1
D:6:      minmay_temple_entry_glass, serial_shops, shop
D:7:      grunt_ministairs_3
D:8:      chequers_temple_overflow_statue_of_worship,
          hangedman_little_slice_of_home, chequers_guarded_unrand_ignorance
D:9:      minmay_the_grid_triangle_9x9_rhombus_thin_mashed, david_orc_5,
          kennysheep_generic_room_7, uniq_psyche
D:10:     minmay_lair_entry_lava, serial_glass, glass_columns_b, glass_columns_a
D:11:     basic_altar, serial_shops, shop_fountains, grunt_ministairs_8,
          nzn_random_ring
D:12:     hangedman_abyss_or_decor_slice, uniq_nessos
D:14:     erik_vaults_1, basic_altar, tso_altar, tgw_lugonu_bribe
D:15:     grunt_enter_depths_hoard, columned_hall_lemuel
Temple:   regret_index_temple_chain_breaker
Lair:1:   st_stairs_9
Lair:2:   lemuel_old_faithful
Lair:3:   uniq_harold, uniq_urug
Lair:4:   gammafunk_lair_enchanted_lake, swamp_mist_pool, dummy_spider_entry
Lair:6:   evilmike_catoblepas_cave, minmay_slime_entry_pillars
Swamp:1:  evilmike_swamp_ruin_rubble_1, uniq_kirke, uniq_roxanne
Swamp:2:  evilmike_swamp_ruin_house_3
Swamp:3:  evilmike_swamp_ruin_house_6, swamp_pool5
Swamp:4:  swamp_old_school
Spider:1: special_room
Spider:2: nicolae_spider_cling_halls
Spider:3: spiders_nest_spider_trap
Spider:4: grunt_spider_rune_circles
Slime:1:  cheibrodos_slime_lost_civilization_8
Slime:2:  basic_altar, dissolution_awaits
Orc:2:    st_orc_elflike, minmay_orc_temple_b, uniq_azrael
Elf:1:    eino_elf_arrival_sip, basic_altar, minivault_28,
          basic_loot_grate_trap, moated_statue, uniq_nikola, uniq_asterion
Elf:2:    uniq_donald
Elf:3:    elf_hall, portal_ice_cave_entry_pillars_four, stair_cage_wide
Vaults:1: ontoclasm_vaults_ring_large, hangedman_vaults_capsules,
          nicolae_vaults_triangles, v_rooms_5, nicolae_vaults_little_squares_5,
          v_misc_33, nicolae_vaults_yaktaur_gun_rack, ontoclasm_vaults_twist,
          v_misc_2, nicolae_vaults_murderbox, vaults_room_grid,
          vaults_mumra_lcd, vaults_room_hallway, vaults_room_pool
Vaults:2: nicolae_vaults_ninety_degrees, nicolae_vaults_halls_meeting,
          nicolae_vaults_angled_halls, minmay_crypt_entry_nasty_monster,
          nicolae_vaults_circle_grid_b, vaults_room_fours, vaults_room_pools,
          vaults_room_pools, vaults_standard_mumra_x,
          nicolae_vaults_network_quinsquares, nicolae_vaults_little_squares_2,
          ontoclasm_vaults_ligature, nicolae_vaults_little_squares_2,
          vaults_mumra_minichess_inversion, nicolae_trove_entry_crystal,
          uniq_bai_suzhen
Vaults:3: vaults_standard_mumra_lines, nicolae_vaults_network_s,
          nicolae_vaults_little_squares_4, ontoclasm_vaults_chip,
          ontoclasm_vaults_ring_large, grunt_vaults_swirl,
          vaults_mumra_minichess, nicolae_vaults_rhombus_6, st_cells,
          vaults_dpeg_ring, dpeg_vaults_monster_box,
          nicolae_vaults_specimen_jars, ontoclasm_vaults_decontamination,
          nicolae_vaults_hallways_thing, hangedman_vaults_corner_blocks,
          ontoclasm_vaults_gateway, nicolae_vaults_rhombus_6, v_misc_19,
          serial_ice_m, serial_shops, shop, uniq_margery
Vaults:4: v_misc_3, v_alt_pattern_3, v_alt_pattern_1, ontoclasm_vaults_idyll,
          vaults_room_hallway, nicolae_vaults_little_squares_6,
          vaults_standard_mumra_enter_the_diamond
Vaults:5: uniq_jory, uniq_xtahua
Crypt:1:  mu_enter_wizlab_7, grunt_crypt_arrival_webbed, uniq_khufu
Crypt:2:  st_shrine_of_skulls
Crypt:3:  evilmike_haunted_forest, uniq_mennas
Depths:1: evilmike_halls_of_destruction, hell_entry, hangedman_decor_points,
          kennysheep_small_circle, grunt_megastairs_1, serial_bayou_shore_b
Depths:2: hangedman_cross_cluster, serial_shops, shop, kennysheep_mini_moat,
          nicolae_shop_trees, minmay_misc_feat_doors, hell_entry,
          infiniplex_staircase_zigzag_3
Depths:3: kennysheep_bubble_arena, enter_ziggurat_f, grunt_mini_vestibule,
          glass_columns_b, rand_demon_pan_entry_7, abyss_entry
Depths:4: lemuel_traditional_vault, grunt_hell_entry_dis_grunt, abyss_entry,
          grunt_megastairs_5, uniq_saint_roka, uniq_enchantress, uniq_mara
Depths:5: grunt_zot_entry_hairpin, pf_hell_entry_tar_spiral,
          serial_bayou_lagoon_a
Abyss:4:  evilmike_abyss_exit_6, hangedman_elemental_corridor,
          kilobyte_mutagenic_chamber
Pan:      rand_demon_7, evilmike_mini_pan_doors, nicolae_pan_cerebovesque_2,
          rand_demon_2, evilmike_mini_pan_3x3, cerebov_grunt_fire_and_steel,
          nicolae_pan_lom_lobonic_3, reaverb_pan_squares
Zig:4:    ziggurat_pillar_centre_c
Zig:14:   ziggurat_pillar_centre_oklobs
Zig:15:   ziggurat_pillar_centre_dead_trees
IceCv:    ice_cave_small_demon
WizLab:   wizlab_iskenderun

Skill      XL: |  1  2  3  4  5  6  7  8  9 10 11 12 13 14 15 16 17 18 19 20 21 22 23 24 25 |
---------------+----------------------------------------------------------------------------+-----
Dodging        | 2 3 4 6 7 9 10 11 12 14 17 18 19 | 19.0
Stealth        | 3 4 6 7 8 9 11 12 16 17 | 17.0
Unarmed Combat | 2 4 6 8 9 10 12 16 18 19 20 21 22 | 22.0
Invocations    | 1 2 4 5 6 7 8 9 10 11 15 | 15.4
Transmutations | 6 10 11 | 11.9
Earth Magic    | 5 8 11 13 16 19 21 22 | 22.2
Spellcasting   | 3 6 8 11 16 | 16.0
Evocations     | 6 |  6.0
Fighting       | 10 11 12 13 16 | 16.0
Charms         | 4 5 |  5.0
Necromancy     | 10 8 7 | 10.0
Translocations | 10 14 19 | 19.0
Summonings     | 2 7 |  7.0

Action                   |  1- 3 |  4- 6 |  7- 9 | 10-12 | 13-15 | 16-18 | 19-21 | 22-24 | 25-27 || total
-------------------------+-------+-------+-------+-------+-------+-------+-------+-------+-------++-------
Melee: Unarmed           |    14 |   291 |   223 |   587 |   822 |   700 |   837 |  1242 |   288 ||  5004
       Bite              |       |    36 |    32 |   116 |   155 |   140 |   123 |   256 |    49 ||   907
       Punch             |       |     6 |    20 |    54 |    86 |    83 |   149 |   234 |    56 ||   688
 Cast: Statue Form       |       |       |       |     1 |    70 |    69 |    47 |    79 |    18 ||   284
       Lee's Rapid Decon |       |       |       |       |       |       |     6 |    12 |       ||    18
       Blink             |       |       |       |       |       |       |     3 |       |       ||     3
       Passage of Golubr |       |       |       |       |       |       |       |    58 |    53 ||   111
       Regeneration      |       |       |       |       |       |       |       |    78 |    23 ||   101
       Apportation       |       |       |       |       |       |       |       |    35 |     3 ||    38
       Sublimation of Bl |       |       |       |       |       |       |       |    28 |    13 ||    41
       Passwall          |       |       |       |       |       |       |       |     3 |     3 ||     6
       Shatter           |       |       |       |       |       |       |       |    31 |     4 ||    35
       Controlled Blink  |       |       |       |       |       |       |       |       |     2 ||     2
Invok: Temporal Distorti |       |       |     1 |     7 |     1 |     9 |       |    12 |    13 ||    43
       Slouch            |       |       |     3 |    10 |    11 |    16 |     8 |     9 |     3 ||    60
 Abil: Evoke Flight      |       |       |       |       |       |     2 |     1 |       |       ||     3
       End Transformatio |       |       |       |       |       |     1 |     2 |     6 |     4 ||    13
       Stop Flying       |       |       |       |       |       |       |     1 |       |       ||     1
Evoke: Wand              |       |       |     6 |    34 |    45 |    14 |     2 |     6 |       ||   107
       Sack of spiders   |       |       |       |     2 |       |       |       |       |       ||     2
       Lamp of fire      |       |       |       |       |     2 |       |       |       |       ||     2
       Lightning rod     |       |       |       |       |     3 |       |       |       |       ||     3
       Phantom mirror    |       |       |       |       |       |     1 |       |     1 |       ||     2
  Use: Scroll            |     6 |     5 |     4 |     9 |    11 |    11 |     4 |    25 |     2 ||    77
       Potion            |     2 |     2 |     1 |     4 |     1 |       |       |     9 |       ||    19
 Stab: Sleeping          |     3 |    10 |     8 |    24 |    26 |    18 |    12 |     9 |     1 ||   111
       Distracted        |       |     1 |     1 |       |     2 |     3 |     1 |     4 |     1 ||    13
       Paralysed         |       |       |     4 |     6 |     4 |     1 |       |       |       ||    15
       Petrifying        |       |       |       |       |       |       |       |     1 |       ||     1
  Eat: Chunk             |     4 |    13 |    13 |    13 |    49 |    39 |    14 |    32 |     5 ||   182
       Ration            |       |       |       |       |       |       |       |     1 |     5 ||     6
Armor: Skin              |       |    18 |    12 |    20 |   185 |   221 |   186 |   377 |    90 ||  1109
Dodge: Dodged            |    18 |   221 |   191 |   547 |  1335 |  1561 |  1364 |  2644 |   735 ||  8616

Table legend:
 A = Spawn XP
 B = Non-spawn XP
 C = Spawn XP percentage of total XP
 D = Spawn monster count
 E = Non-spawn monster count
 F = Spawn count percentage of total count
 G = Total turns spent on level
                    A         B        C        D         E        F      G
               +---------+---------+-------+---------+---------+-------+---------
         Total |   12381 | 1604152 |   0.8 |      12 |    2404 |   0.5 | 27214
               +---------+---------+-------+---------+---------+-------+---------
           D:1 |       0 |      40 |   0.0 |       0 |      25 |   0.0 |   352
           D:2 |       0 |      72 |   0.0 |       0 |      17 |   0.0 |   340
           D:3 |       0 |     180 |   0.0 |       0 |      33 |   0.0 |   529
           D:4 |       0 |     350 |   0.0 |       0 |      24 |   0.0 |   787
           D:5 |       0 |     804 |   0.0 |       0 |      16 |   0.0 |   345
           D:6 |       0 |     721 |   0.0 |       0 |      13 |   0.0 |   613
           D:7 |       0 |     695 |   0.0 |       0 |      12 |   0.0 |   422
           D:8 |       0 |    1606 |   0.0 |       0 |      32 |   0.0 |   420
           D:9 |       0 |    7250 |   0.0 |       0 |      62 |   0.0 |   871
          D:10 |       0 |    4634 |   0.0 |       0 |      46 |   0.0 |   835
          D:11 |       0 |    6091 |   0.0 |       0 |      42 |   0.0 |   743
          D:12 |       0 |    5302 |   0.0 |       0 |      24 |   0.0 |   516
          D:13 |       0 |    3007 |   0.0 |       0 |      14 |   0.0 |   435
          D:14 |       0 |   12011 |   0.0 |       0 |      26 |   0.0 |   599
          D:15 |       0 |   10022 |   0.0 |       0 |      24 |   0.0 |   316
        Temple |       0 |      48 |   0.0 |       0 |       1 |   0.0 |   305
        Lair:1 |       0 |    2007 |   0.0 |       0 |       9 |   0.0 |   170
        Lair:2 |       0 |    3342 |   0.0 |       0 |      14 |   0.0 |   296
        Lair:3 |       0 |    3288 |   0.0 |       0 |      13 |   0.0 |   349
        Lair:4 |       0 |    3041 |   0.0 |       0 |      16 |   0.0 |   253
        Lair:5 |       0 |    2016 |   0.0 |       0 |       4 |   0.0 |   113
        Lair:6 |       0 |   17642 |   0.0 |       0 |      42 |   0.0 |   707
       Swamp:1 |       0 |    6979 |   0.0 |       0 |      21 |   0.0 |   187
       Swamp:2 |       0 |    9459 |   0.0 |       0 |      32 |   0.0 |   263
       Swamp:3 |       0 |   11142 |   0.0 |       0 |      27 |   0.0 |   254
       Swamp:4 |       0 |   29167 |   0.0 |       0 |      56 |   0.0 |   507
      Spider:1 |       0 |   15554 |   0.0 |       0 |      62 |   0.0 |   317
      Spider:2 |       0 |   16614 |   0.0 |       0 |      36 |   0.0 |   305
      Spider:3 |       0 |   13033 |   0.0 |       0 |      40 |   0.0 |   435
      Spider:4 |       0 |   30120 |   0.0 |       0 |      52 |   0.0 |   437
       Slime:1 |       0 |    7203 |   0.0 |       0 |      10 |   0.0 |    45
       Slime:2 |       0 |   29966 |   0.0 |       0 |      29 |   0.0 |   110
       Slime:3 |       0 |    8234 |   0.0 |       0 |       9 |   0.0 |    50
       Slime:4 |       0 |   22246 |   0.0 |       0 |      34 |   0.0 |   220
       Slime:5 |       0 |   28742 |   0.0 |       0 |      22 |   0.0 |   291
         Orc:1 |       0 |    3190 |   0.0 |       0 |      28 |   0.0 |   290
         Orc:2 |       0 |   10906 |   0.0 |       0 |      51 |   0.0 |  1166
         Elf:1 |       0 |   20395 |   0.0 |       0 |      27 |   0.0 |   640
         Elf:2 |       0 |   30951 |   0.0 |       0 |      38 |   0.0 |   392
         Elf:3 |       0 |   61328 |   0.0 |       0 |      56 |   0.0 |   967
      Vaults:1 |       0 |   23560 |   0.0 |       0 |      51 |   0.0 |   342
      Vaults:2 |       0 |   43505 |   0.0 |       0 |      44 |   0.0 |   434
      Vaults:3 |       0 |   57147 |   0.0 |       0 |      82 |   0.0 |   644
      Vaults:4 |       0 |   71268 |   0.0 |       0 |      88 |   0.0 |   826
      Vaults:5 |       0 |  134743 |   0.0 |       0 |      97 |   0.0 |   908
       Crypt:1 |       0 |   21013 |   0.0 |       0 |      31 |   0.0 |   232
       Crypt:2 |       0 |   18381 |   0.0 |       0 |      25 |   0.0 |   173
       Crypt:3 |       0 |   71687 |   0.0 |       0 |      96 |   0.0 |   706
        Tomb:1 |       0 |   44973 |   0.0 |       0 |      47 |   0.0 |   481
        Tomb:2 |       0 |   63076 |   0.0 |       0 |      75 |   0.0 |   596
        Tomb:3 |       0 |  100024 |   0.0 |       0 |      85 |   0.0 |   320
      Depths:1 |       0 |   13910 |   0.0 |       0 |      15 |   0.0 |   416
      Depths:2 |       0 |   59854 |   0.0 |       0 |      60 |   0.0 |   849
      Depths:3 |       0 |   63205 |   0.0 |       0 |      73 |   0.0 |   685
      Depths:4 |       0 |   76715 |   0.0 |       0 |      55 |   0.0 |   689
      Depths:5 |       0 |   59007 |   0.0 |       0 |      58 |   0.0 |   394
       Abyss:4 |   11575 |    5028 |  69.7 |      11 |       6 |  64.7 |    93
           Pan |     806 |   35351 |   2.2 |       1 |      35 |   2.8 |   168
         Zig:1 |       0 |     592 |   0.0 |       0 |       2 |   0.0 |    11
         Zig:2 |       0 |    1680 |   0.0 |       0 |       4 |   0.0 |    15
         Zig:3 |       0 |    3454 |   0.0 |       0 |       5 |   0.0 |    18
         Zig:4 |       0 |    7684 |   0.0 |       0 |       4 |   0.0 |    20
         Zig:5 |       0 |    4430 |   0.0 |       0 |       7 |   0.0 |    40
         Zig:6 |       0 |    7804 |   0.0 |       0 |      11 |   0.0 |    43
         Zig:7 |       0 |    9517 |   0.0 |       0 |      10 |   0.0 |    38
         Zig:8 |       0 |    9519 |   0.0 |       0 |      18 |   0.0 |    53
         Zig:9 |       0 |   12859 |   0.0 |       0 |      16 |   0.0 |    30
        Zig:10 |       0 |   16113 |   0.0 |       0 |      16 |   0.0 |    75
        Zig:11 |       0 |   14538 |   0.0 |       0 |      22 |   0.0 |    48
        Zig:12 |       0 |   20369 |   0.0 |       0 |      23 |   0.0 |    78
        Zig:13 |       0 |   25773 |   0.0 |       0 |      23 |   0.0 |    62
        Zig:14 |       0 |   29942 |   0.0 |       0 |      23 |   0.0 |    94
        Zig:15 |       0 |   31783 |   0.0 |       0 |      33 |   0.0 |    47
         IceCv |       0 |    6250 |   0.0 |       0 |      25 |   0.0 |   389
               +---------+---------+-------+---------+---------+-------+---------
